 Dungeon Crawl Stone Soup version 0.29-a0-271-gd4eb659eea (webtiles) character file.

Game seed: 11785939064421896726

145 Gildeon the Chopper (level 5, -1/45 HPs)
             Began as a Minotaur Fighter on Mar 9, 2022.
             Slain by a gnoll
             ... wielding a +0 flail
              (2 damage)
             ... on level 2 of the Dungeon.
             The game lasted 00:02:28 (1181 turns).

Gildeon the Chopper (Minotaur Fighter)              Turns: 1181, Time: 00:02:29

Health: -1/45      AC: 10    Str: 22    XL:     5   Next: 6%
Magic:  4/4        EV:  9    Int:  5    God:
Gold:   92         SH:  4    Dex: 10    Spells: 4/4 levels left

rFire   . . .      SeeInvis .   a - +0 war axe
rCold   . . .      Faith    .   c - +0 buckler
rNeg    . . .      Spirit   .   b - +0 scale mail
rPois   .          Reflect  .   h - +2 hat
rElec   .          Harm     .   e - +0 cloak
rCorr   .          Rampage  .   (no gloves)
Will    .....                   (no boots)
Stlth   ..........              (no amulet)
HPRegen 0.15/turn               (no ring)
MPRegen 0.09/turn               (no ring)

@: hasted, very quick
A: horns 2, retaliatory headbutt
a: no special abilities


You were on level 2 of the Dungeon.
You visited 1 branch of the dungeon, and saw 2 of its levels.

You collected 92 gold pieces.

Inventory:

Hand Weapons
 a - a +0 war axe (weapon)
 f - a +0 mace
 i - a +0 trident of distortion
Armour
 b - a +0 scale mail (worn)
 c - a +0 buckler (worn)
 e - a +0 cloak (worn)
 h - a +2 hat (worn)
Scrolls
 j - a scroll of brand weapon {unknown}
Potions
 d - a potion of might


   Skills:
 - Level 3.6 Fighting
 * Level 6.4 Axes
 - Level 3.6 Armour
 - Level 3.6 Shields


You had 4 spell levels left.
You didn't know any spells.
Your spell library was empty.

Dungeon Overview and Level Annotations

Branches:
Dungeon (2/15)

Altars:


Innate Abilities, Weirdness & Mutations

You have a pair of horns on your head.
You reflexively headbutt those who attack you in melee.


Message History

The gnoll hits you from afar with a +0 spear.
The gnoll hits you with a +0 spear.
You slash the gnoll! Your headbutt misses the gnoll.
The gnoll is severely wounded.
You block the gnoll's attack. The gnoll hits you but does no damage.
You closely miss the gnoll.
The gnoll is severely wounded.
The gnoll hits you with a +0 spear. You block the gnoll's attack.
The gnoll hits you but does no damage. x2
You closely miss the gnoll.
The gnoll is severely wounded.
The gnoll hits you but does no damage. x2
You hit the gnoll.
You kill the gnoll!
The gnoll hits you from afar with a +0 spear.
You have reached level 5!
You hit the gnoll.
The gnoll is lightly wounded.
The gnoll hits you with a +0 flail. The gnoll hits you but does no damage.
You slash the gnoll!
The gnoll is almost dead.
The gnoll hits you with a +0 flail. The gnoll barely misses you.
The gnoll hits you but does no damage. The gnoll barely misses you.
The gnoll hits you from afar with a +0 spear.
You closely miss the gnoll.
The gnoll is almost dead.
You hit the gnoll. The gnoll hits you with a +0 flail!
The gnoll hits you but does no damage. The gnoll hits you with a +0 flail!
* * * LOW HITPOINT WARNING * * *
Unknown command.
You barely miss the gnoll.
The gnoll is almost dead.
You hit the gnoll. You block the gnoll's attack.
The gnoll hits you from afar with a +0 spear.
* * * LOW HITPOINT WARNING * * *
The gnoll hits you with a +0 flail.
* * * LOW HITPOINT WARNING * * *
It was a potion of haste.
You feel yourself speed up. The gnoll hits you with a +0 flail.
You die...

##.......######÷##....##..####...
#####....†.........######...##<..
# ####).......#### ###...... #
#...#.......# #####.. .##
##..#.#.......#### ##.. ..#
#...##...##.......# #...
#.##..#.......##).....# #...
#.#..##.###.#.##......# #...
....# ..# #.#.##@g#.### ##..
..####.# ##.#.#..gg.# ##.
.......##...#.#.##..# ##
###..###..# #.#.# #...# #
#..###.# #...# ...# ####.....#
#.#######... .....##..#
#......##... #######..##
#.####..# ## # #.....###.# ##.# #


You could see 3 gnolls.

Vanquished Creatures
  3 hounds (D:2)
  A gnoll (D:2)
  A worm (D:2)
  5 ball pythons
  4 endoplasms
  2 giant cockroaches (D:2)
  3 goblins
  2 hobgoblins (D:2)
  6 kobolds
  2 quokkas
  6 bats
  2 frilled lizards
  6 rats
43 creatures vanquished.

Notes
Turn   | Place    | Note
-------+----------+-------------------------------------------
     0 | D:1      | Gildeon the Minotaur Fighter began the quest for the Orb.
     0 | D:1      | Reached XP level 1. HP: 19/19 MP: 0/0
    68 | D:1      | Reached skill level 3 in Axes
   234 | D:1      | Reached XP level 2. HP: 26/26 MP: 1/1
   393 | D:1      | Found a faded altar of an unknown god.
   635 | D:1      | Reached skill level 4 in Axes
   799 | D:2      | Reached skill level 5 in Axes
   799 | D:2      | Reached XP level 3. HP: 26/31 MP: 2/2
   873 | D:2      | Reached XP level 4. HP: 39/39 MP: 3/3
  1007 | D:2      | Reached skill level 6 in Axes
  1177 | D:2      | Reached XP level 5. HP: 31/45 MP: 4/4
  1180 | D:2      | HP: 1/45 [gnoll/+0 flail (4)]
  1181 | D:2      | Slain by a gnoll

Illustrated notes

Levels and vault maps discovered:
D:1:      psy_arrival_terrarium, layout_basic, chequers_ecumenical_altar_island
D:2:      layout_rooms, grunt_ministairs_14

Skill      XL: |  1  2  3  4 |
---------------+-------------+-----
Axes           | 3 5 6 |  6.4
Fighting       | |  3.6
Armour         | |  3.6
Shields        | |  3.6

Action                   |  1- 3 |  4- 6 || total
-------------------------+-------+-------++-------
Melee: War axe           |    50 |    22 ||    72
       Headbutt          |     5 |     4 ||     9
  Use: Potion            |       |     1 ||     1
Armor: Scale mail        |    25 |    19 ||    44
Dodge: Dodged            |    28 |    10 ||    38
Block: Buckler           |    14 |     6 ||    20

Table legend: (Time is in decaauts)
 A = Elapsed time spent in this place.
 B = Non-inter-level travel time spent in this place.
 C = Inter-level travel time spent in this place.
 D = Time resting spent in this place.
 E = Time spent auto-exploring this place.
 F = Levels seen in this place.
 G = Mean time per level.
                   A        B        C        D        E       F      G
               +--------+--------+--------+--------+--------+-----+--------+
         Total |   1206 |   1173 |     33 |      0 |    879 |   2 |  603.0 |
       Dungeon |   1206 |   1173 |     33 |      0 |    879 |   2 |  603.0 |
               +--------+--------+--------+--------+--------+-----+--------+

Top non-repeatable levels by time:
     D:1: 750 daAuts
     D:2: 456 daAuts
